 Dungeon Crawl Stone Soup version bcrawl-1.40.2 (webtiles) character file.

Game seed: 16564392822645854328

186582 polpettosauro the Firebug (level 8, -6/75 HPs)
             Began as an Ogre Fire Elementalist on Nov 9, 2023.
             Mangled by a fire vortex (21 damage)
             ... summoned by miscasting Sticky Flame
             ... on level 6 of the Dungeon.
             The game lasted 00:16:32 (5895 turns).

polpettosauro the Firebug (Ogre Fire Elementalist)  Turns: 5895, Time: 00:16:33

Health: -6/75      AC:  3    Str: 13    XL:     8   Next: 23%
Magic:  7/15       EV: 10    Int: 18    God:
Gold:   252        SH:  0    Dex:  9    Spells: 2/17 levels left

rFire    . . .     GDR:     21% s - +2 dagger (speed)
rCold    . . .     SeeInvis .   (no shield)
rNeg     . . .     Gourm    .   a - +0 robe
rPois    .         Faith    .   (helmet restricted)
rElec    .         Spirit   .   (no cloak)
rCorr    .         Reflect  .   (gloves unavailable)
MR       .....                  (boots unavailable)
Stlth    +.........             (no amulet)
HPRegen  0.22/turn              (no ring)
MPRegen  0.14/turn              (no ring)

@: very slightly contaminated
A: large, unfitting armour, tough skin 1
a: no special abilities


You were on level 6 of the Dungeon.
You were not hungry.

You visited 1 branch of the dungeon, and saw 6 of its levels.

You collected 252 gold pieces.

Inventory:

Hand Weapons
 s - a +2 dagger of speed (weapon)
 v - a +0 blowgun
 y - a +2 spear of freezing
Missiles
 d - 1010 stones (quivered)
 w - 79 poisoned needles
 x - 1426 sling bullets
Armour
 a - a +0 robe (worn)
Jewellery
 g - an uncursed amulet of faith {unknown}
 q - a cursed ring of ice
Wands
 c - a wand of flame (24)
 u - a wand of paralysis (9)
Scrolls
 b - 2 scrolls of amnesia {unknown}
 f - a scroll of enchant weapon
 h - a scroll of fear {unknown}
 i - 2 scrolls of identify
 k - 2 scrolls of revelation {unknown}
 t - 3 scrolls of teleportation {unknown}
 D - a scroll of remove curse
 E - 3 scrolls of blinking {unknown}
 F - a scroll of fog {unknown}
Potions
 j - a potion of mutation {unknown}
 l - 2 potions of haste {unknown}
 m - 2 potions of curing {unknown}
 n - 6 potions of resistance
 o - a potion of brilliance {unknown}
 p - 2 potions of agility {unknown}
 r - a potion of magic {unknown}
 z - 3 potions of flight {unknown}
 A - a potion of lignification {unknown}
 B - a potion of berserk rage {unknown}
 C - a potion of degeneration {unknown}
Comestibles
 e - 10 rations {!d}


   Skills:
 - Level 3.0 Fighting
 - Level 1.7 Dodging
 - Level 1.5 Stealth
 - Level 5.0 Spellcasting
 - Level 3.6 Conjurations
 - Level 5.0 Fire Magic
 + Level 4.1 Evocations


You had 2 spell levels left.
You knew the following spells:

 Your Spells              Type           Power        Failure   Level  Hunger
a - Flame Tongue          Conj/Fire      ###..        2%          1    None
b - Flaming Arrows        Chrm/Fire      ##......     7%          2    None
c - Conjure Flame         Conj/Fire      ###.....     7%          3    ###....
d - Sticky Flame          Conj/Fire      ###.....     22%         4    #####..
e - Fireball              Conj/Fire      ###.......   54%         5    ######.

Your spell library contained the following spells:

 Spells                   Type           Power        Failure   Level  Hunger
 Inner Flame              Hex/Fire       N/A          14%         3    ###....


Dungeon Overview and Level Annotations

Branches:
Dungeon (6/12)
 Temple: D:4-7

Altars:
Ashenzari
Cheibriados
Dithmenos
Makhleb
Okawaru
Ru
Yredelemnul
Zin
The Shining One


Innate Abilities, Weirdness & Mutations

You are too large for most types of armour.
You have tough skin. (AC +1)


Message History

You miscast Sticky Flame.
You are very lightly contaminated with residual magic.
Nothing appears to happen.
The tengu conjurer hits you. The tengu conjurer pecks you.
The tengu conjurer barely misses you.
Casting: Sticky Flame (slightly dangerous; 22% risk of failure)
Confirm with . or Enter, or press ? or * to list all spells.
Aiming: Sticky Flame (slightly dangerous; 22% risk of failure)
Press: ? - help, Shift-Dir - straight line, f/p - tengu conjurer
Aim: a tengu conjurer You miscast Sticky Flame.
Fire whirls out from your hands! 2 fire vortices come into view.
The tengu conjurer gestures at you while chanting.
The lance of force hits you!!
You are knocked back by the lance of force.
You slam into the rock wall!
* * * LOW HITPOINT WARNING * * *
The fire vortex hits you.
* * * LOW HITPOINT WARNING * * *
The fire vortex burns you!
You die...

#..... . .# #
#.....#.#.##.. #.._..
...##.###
$.....##..##.#.####
.............#....##
.............#..v..#
.............#.....#
.............#@....####
.........).*.##Q.......
##..........*Q.........
#..........###........
#..[.......# #........
#.......>..# #........
#..........# ###......
#(.........# ######
############


You could see a tengu conjurer and a fire vortex.

Vanquished Creatures
  Grinder (D:4)
  An ice beast (D:5)
  An ogre (D:5)
  A bullfrog (D:5)
  2 centaurs (D:5)
  A scorpion (D:4)
  An orc priest (D:4)
  A hound (D:5)
  An orc wizard (D:4)
  A bullfrog skeleton (D:5)
  2 worker ants (D:4)
  Natasha (thrice) (D:3)
  4 gnolls (D:4)
  4 adders
  An ooze (D:4)
  An adder zombie (D:5)
  An adder skeleton (D:4)
  3 worms
  3 dart slugs (D:1)
  3 leopard geckos
  7 orcs
  2 giant cockroaches (D:1)
  3 goblins
  10 hobgoblins
  15 jackals
  6 quokkas
  8 bats
  4 frilled lizards
  9 kobolds
  A quokka zombie (D:5)
  6 rats
107 creatures vanquished.

Notes
Turn   | Place    | Note
-------+----------+-------------------------------------------
     0 | D:1      | polpettosauro the Ogre Fire Elementalist began the quest
                  | for the Orb.
     0 | D:1      | Reached XP level 1. HP: 16/16 MP: 3/3
    46 | D:1      | Reached skill level 1 in Fighting
   209 | D:1      | Reached XP level 2. HP: 28/28 MP: 0/5
   227 | D:1      | Learned a level 2 spell: Flaming Arrows
   707 | D:1      | Reached XP level 3. HP: 37/37 MP: 6/6
  1336 | D:2      | Learned a level 3 spell: Conjure Flame
  1398 | D:2      | Found a shattered altar of Ashenzari.
  1748 | D:2      | Reached XP level 4. HP: 45/45 MP: 7/7
  2006 | D:2      | Found a shadowy altar of Dithmenos.
  2264 | D:3      | Noticed Natasha
  2268 | D:3      | Killed Natasha
  2293 | D:3      | Noticed Natasha
  2311 | D:3      | Killed Natasha
  2312 | D:3      | Reached XP level 5. HP: 50/53 MP: 3/8
  2439 | D:3      | Noticed Natasha
  2452 | D:3      | Killed Natasha
  2647 | D:3      | Reached skill level 5 in Fire Magic
  2680 | D:3      | Found an iron altar of Okawaru.
  2680 | D:3      | Found a glowing golden altar of the Shining One.
  3187 | D:4      | Reached XP level 6. HP: 48/61 MP: 4/11
  3229 | D:4      | Learned a level 4 spell: Sticky Flame
  3608 | D:4      | Reached skill level 1 in Conjurations
  3840 | D:4      | Noticed Grinder
  3865 | D:4      | Killed Grinder
  3866 | D:4      | Reached skill level 5 in Spellcasting
  3866 | D:4      | Reached XP level 7. HP: 49/67 MP: 6/14
  3906 | D:4      | Learned a level 5 spell: Fireball
  4072 | D:4      | Found a sacrificial altar of Ru.
  4645 | D:5      | Entered Level 5 of the Dungeon
  4693 | D:5      | Reached skill level 1 in Evocations
  4962 | D:5      | Reached XP level 8. HP: 32/75 MP: 3/15
  5220 | D:5      | Found a basalt altar of Yredelemnul.
  5373 | D:5      | Found a burning altar of Makhleb.
  5374 | D:5      | Noticed a blizzard demon
  5380 | D:5      | Found a glowing silver altar of Zin.
  5380 | D:5      | Noticed an angel
  5652 | D:5      | Found a snail-covered altar of Cheibriados.
  5848 | D:6      | Found a sacrificial altar of Ru.
  5875 | D:6      | Noticed a tengu conjurer
  5895 | D:6      | Mangled by a fire vortex

Skill      XL: |  1  2  3  4  5  6  7  8 |
---------------+-------------------------+-----
Fighting       | 2 3 |  3.0
Fire Magic     | 3 4 5 |  5.0
Spellcasting   | 3 5 |  5.0
Conjurations   | 3 |  3.6
Evocations     | 3 4 |  4.1
Dodging        | |  1.7
Stealth        | |  1.5

Action                   |  1- 3 |  4- 6 |  7- 9 || total
-------------------------+-------+-------+-------++-------
Melee: Unarmed           |     4 |       |       ||     4
       Dagger            |   117 |   113 |    35 ||   265
       Spear             |       |     4 |    38 ||    42
Throw: Stone             |    12 |    28 |     8 ||    48
 Cast: Flame Tongue      |    35 |    53 |    18 ||   106
       Flaming Arrows    |     4 |     7 |     1 ||    12
       Conjure Flame     |       |     2 |     4 ||     6
       Sticky Flame      |       |     1 |     7 ||     8
  Use: Scroll            |     3 |     2 |       ||     5
 Stab: Sleeping          |     1 |     2 |       ||     3
  Eat: Chunk             |     7 |    12 |    13 ||    32
Armor: Robe              |    31 |    20 |    11 ||    62
Dodge: Dodged            |    91 |    57 |    40 ||   188
